 Dungeon Sprint DCSS version bcrawl-1.15.1 (webtiles) character file.

Game seed: 5605869181129176141

139 Chiseanne the Ducker (level 5, 0/46 HPs)
             Began as a Demonspawn Archaeologist on Oct 2, 2019.
             Succumbed to Sigmund's poison
             ... in the Dungeon (Sprint I: "Red Sonja").
             The game lasted 00:01:06 (92 turns).

Chiseanne the Ducker (Demonspawn Archaeologist)       Turns: 92, Time: 00:01:07

Health: 0/46       AC: 11    Str: 12    XL:     5   Next: 1%
Magic:  6/9        EV:  7    Int: 15    God:
Gold:   54         SH:  0    Dex: 12    Spells: 4/4 levels left

rFire    . . .     SeeInvis .   a - +1 dagger (chaos)
rCold    . . .     Gourm    .   (no shield)
rNeg     . . .     Faith    .   q - +0 chain mail
rPois    .         Spirit   .   c - +1 hat
rElec    .         Reflect  .   (no cloak)
rCorr    .         Harm     .   (no gloves)
MR       .....     NoTele   +   d - +1 pair of boots
Stlth    ..........             (no amulet)
HPRegen  0.15/turn              (no ring)
MPRegen  0.11/turn              (no ring)

@: lethally poisoned (0 -> -11), hasted, studying Fighting, very quick
A: hooves 1, powered by pain 2
a: no special abilities


You were in the Dungeon.
You were not hungry.

You visited 1 branch You collected 54 gold pieces.

Inventory:

Hand Weapons
 a - a +1 dagger of chaos (weapon)
 p - a +0 hunting sling
Missiles
 l - 127 sling bullets
Armour
 c - a +1 hat (worn)
 d - a +1 pair of boots (worn)
 q - a +0 chain mail (worn)
Wands
 n - a wand of polymorph (13)
Scrolls
 m - a scroll of blinking
Potions
 k - 2 potions of magic
Books
 e - a manual of Fighting
Miscellaneous
 f - an ancient crate
Comestibles
 g - a ration {!d}


   Skills:
 + Level 5.7 Fighting
   Level 0.8 Maces & Flails
 - Level 5.9 Dodging
 - Level 3.0 Stealth
 - Level 5.5 Evocations


You had 4 spell levels left.
You didn't know any spells.
Your spell library was empty.

Dungeon Overview and Level Annotations

Branches:
Dungeon (1/1)

Altars:

Annotations:
D Sigmund


Innate Abilities, Weirdness & Mutations

You have large cloven feet.
You sometimes gain power by taking damage.


Message History

Sigmund poisons you!
You miss Sigmund.
* * * LOW HITPOINT WARNING * * *
You feel sick. Sigmund stings you.
* * * LOW HITPOINT WARNING * * *
Okay, then.
Your chain mail prevents you from hitting Sigmund.
* * * LOW HITPOINT WARNING * * *
You feel sick. Sigmund barely misses you. Sigmund misses you.
Sigmund completely misses you.
Your chain mail prevents you from hitting Sigmund.
* * * LOW HITPOINT WARNING * * *
You feel sick. Sigmund stings you but does no damage.
Sigmund closely misses you.
Your chain mail prevents you from hitting Sigmund.
* * * LOW HITPOINT WARNING * * *
You feel sick.
Sigmund stings you but does no damage. x2
You hit Sigmund.
Sigmund is moderately wounded.
You die...

#############
#<.#.)').#.)+
#..'..#..@y.#
#..#####'####
#..# #..#
#..# ####
#..# #⌠⌠#
####


You could see Sigmund the killer bee.

Vanquished Creatures
  A naga (D)
  Ijyb (D)
2 creatures vanquished.

Notes
Turn   | Place    | Note
-------+----------+-------------------------------------------
     0 | D        | Chiseanne the Demonspawn Archaeologist began the quest for
                  | the Orb.
     0 | D        | Reached XP level 1. HP: 15/15 MP: 1/1
     1 | D        | Noticed Ijyb
    15 | D        | Killed Ijyb
    15 | D        | Gained mutation: You sometimes gain a little power by
                  | taking damage. [demonic ancestry]
    15 | D        | Reached XP level 2. HP: 24/24 MP: 1/4
    55 | D        | Noticed an ogre
    56 | D        | Noticed a naga
    56 | D        | an ogre changed into a naga
    71 | D        | Killed a naga
    71 | D        | Reached skill level 5 in Fighting
    71 | D        | Reached skill level 5 in Dodging
    71 | D        | Reached skill level 5 in Evocations
    71 | D        | Gained mutation: You sometimes gain power by taking damage.
                  | [demonic ancestry]
    71 | D        | Reached XP level 3. HP: 18/34 MP: 5/7
    71 | D        | Gained mutation: You have large cloven feet. [demonic
                  | ancestry]
    71 | D        | Reached XP level 4. HP: 21/40 MP: 5/8
    71 | D        | Reached XP level 5. HP: 25/46 MP: 5/9
    80 | D        | Noticed Sigmund
    82 | D        | Noticed Sigmund
    82 | D        | Sigmund changed into Sigmund the killer bee
    89 | D        | HP: 2/46 [poisoned by Sigmund]
    92 | D        | Succumbed to Sigmund's poison

Skill      XL: |  1  2 |
---------------+-------+-----
Fighting       | 3 5 |  5.7
Dodging        | 4 5 |  5.9
Evocations     | 3 5 |  5.5
Maces & Flails | |  0.8
Stealth        | |  3.0

Action                   |  1- 3 |  4- 6 || total
-------------------------+-------+-------++-------
Melee: Unarmed           |     7 |       ||     7
       Whip              |     4 |       ||     4
       Dagger            |    11 |    10 ||    21
Evoke: Wand              |     1 |     1 ||     2
  Use: Potion            |     4 |       ||     4
 Stab: Confused          |     1 |       ||     1
Armor: Skin              |     2 |       ||     2
       Chain mail        |     3 |     7 ||    10
Dodge: Dodged            |     4 |     5 ||     9
